 Dungeon Crawl Stone Soup version 0.28-a0-1356-g2ad6d04315 (webtiles) character file.

Game seed: 17975371365449801913

715 avis the Insei (level 7, 0/46 HPs)
             Began as an Octopode Transmuter on Dec 30, 2021.
             Slain by a wyvern zombie (5 damage)
             ... on level 6 of the Dungeon.
             The game lasted 00:29:12 (6295 turns).

avis the Insei (Octopode Transmuter)                Turns: 6295, Time: 00:29:13

Health: 0/46       AC:  1    Str: 18    XL:     7   Next: 69%
Magic:  12/13      EV: 13    Int: 15    God:
Gold:   208        SH:  0    Dex: 12    Spells: 4/14 levels left

rFire   . . .      SeeInvis .     - Unarmed
rCold   . . .      Faith    .   (no shield)
rNeg    . . .      Spirit   .   (helmet currently unavailable)
rPois   .          Reflect  .   (no amulet)
rElec   .          Harm     .   l - +6 ring of strength
rCorr   .          Rampage  .   p - ring of flight
Will    .....                   (no ring)
Stlth   +++.......              (no ring)
HPRegen 0.15/turn               (no ring)
MPRegen 0.13/turn               (no ring)
                                (no ring)
                                (no ring)

@: appendages, flying
A: tentacle spike 3, almost no armour, amphibious, 8 rings, camouflage 1,
gelatinous body 1, (nimble swimmer 1), tentacles
a: End Transformation


You were on level 6 of the Dungeon.
One of your tentacles had grown a beastly spike.
You visited 1 branch of the dungeon, and saw 6 of its levels.

You collected 208 gold pieces.

Inventory:

Hand Weapons
 b - a +0 hunting sling
Missiles
 h - 81 arrows
 k - 106 stones
 n - 2 silver boomerangs
 o - 12 poisoned darts
 s - 53 sling bullets
Magical Staves
 t - a staff of conjuration
Jewellery
 a - a ring of ice
 l - a +6 ring of strength (left tentacle)
 p - a ring of flight (right tentacle)
 u - a ring of ice
Wands
 r - a wand of mindburst (12)
 w - a wand of acid (7)
Scrolls
 c - 5 scrolls of identify {unknown}
 d - 3 scrolls of teleportation {unknown}
 e - a scroll of holy word {unknown}
 f - a scroll of magic mapping {unknown}
 g - a scroll of enchant armour {unknown}
 i - 2 scrolls of enchant weapon {unknown}
 j - a scroll of noise {unknown}
 q - a scroll of blinking {unknown}
Potions
 m - 2 potions of heal wounds {unknown}
 v - a potion of haste {unknown}
 x - a potion of magic {unknown}


   Skills:
 - Level 3.0 Fighting
 - Level 2.0 Dodging
 - Level 3.0 Stealth
 * Level 5.3 Unarmed Combat
 - Level 4.0 Spellcasting
 - Level 1.0 Translocations
 - Level 4.0 Transmutations
 - Level 2.0 Poison Magic


You had 4 spell levels left.
You knew the following spells:

 Your Spells              Type           Power      Damage    Failure   Level
a - Beastly Appendage     Tmut           30%        N/A       3%          1
b - Blink                 Tloc           12%        N/A       19%         2
p - Spider Form           Tmut/Pois      12%        N/A       16%         3
q - Ice Form              Ice/Tmut       9%         N/A       61%         4

Your spell library contained the following spells:

 Spells                   Type           Power      Damage    Failure   Level
 Sting                    Tmut/Pois      48%        1d5       5%          1
 Wereblood                Tmut           15%        N/A       5%          2
 Foxfire                  Conj/Fire      12%        2x1d4     19%         1
 Poisonous Vapours        Pois/Air       12%        N/A       19%         2
 Gell's Gravitas          Tloc           6%         N/A       34%         3
 Lesser Beckoning         Tloc           6%         N/A       34%         3
 Teleport Other           Tloc           6%         N/A       34%         3
 Confusing Touch          Hex            3%         N/A       47%         3
 Conjure Flame            Conj/Fire      3%         6-21      47%         3
 Inner Flame              Hex/Fire       3%         N/A       47%         3
 Olgreb's Toxic Radiance  Pois           9%         N/A       61%         4
 Cause Fear               Hex            1%         N/A       87%         4
 Flame Wave               Conj/Fire      3%         2d4       87%         4
 Yara's Violent Unravell  Hex/Tmut       4%         3d4       91%         5
 Manifold Assault         Tloc           6%         N/A       97%         5
 Dispersal                Tloc           3%         N/A       100%        6
 Enfeeble                 Hex            1%         N/A       100%        7
 Discord                  Hex            1%         N/A       100%        8
 Disjunction              Tloc           3%         N/A       100%        8


Dungeon Overview and Level Annotations

Branches:
Dungeon (6/15)
 Temple: D:4-7

Altars:

Shops:
D:2 (   D:5 *


Innate Abilities, Weirdness & Mutations

One of your tentacles has grown a beastly spike.
You cannot wear most types of armour.
You are amphibious.
You can wear up to eight rings at the same time.
Your skin changes colour to match your surroundings (Stealth+).
Your rubbery body absorbs attacks. (AC +1, EV +1)
((You are camouflaged when in or above water. (Stealth+)))
You have tentacles for arms and can constrict up to eight enemies at once.


Message History

The wyvern zombie bites you!
You hit the wyvern zombie.
The wyvern zombie is lightly damaged.
The wyvern zombie bites you.
You bite the wyvern zombie!
The wyvern zombie is moderately damaged.
The wyvern zombie bites you!
You bite the wyvern zombie!
The wyvern zombie is heavily damaged.
The wyvern zombie bites you!
* * * LOW HITPOINT WARNING * * *
The wyvern zombie misses you.
The wyvern zombie completely misses you.
You fly upwards.
There is a stone staircase leading down here.
You start resting.
Your transformation has ended.
You start resting.
Magic restored.
You start resting.
HP restored.
Casting: Spider Form (dangerous; 16% risk of failure)
Confirm with . or Enter, or press ? or * to list all spells.
One of your tentacles grows a vicious spike.
You fly downwards.
The wyvern zombie bites you. The wyvern zombie bites you!
There is a stone staircase leading up, spattered with blood here.
You tentacle-slap the wyvern zombie.
You pierce the wyvern zombie.
The wyvern zombie is severely damaged.
The wyvern zombie bites you!
You barely miss the wyvern zombie.
You pierce the wyvern zombie.
The wyvern zombie is severely damaged.
The wyvern zombie bites you!
An iguana comes into view.
You tentacle-slap the wyvern zombie.
You pierce the wyvern zombie, but do no damage.
The wyvern zombie is almost destroyed.
The wyvern zombie bites you!
* * * LOW HITPOINT WARNING * * *
The wyvern zombie bites you.
You die...

#..........#
#..........#
###......[...#
........[...##
#............
#..........#
#..........#
#$...@Z....#
#..........#
#...Y......#
.........#####
..##...#.. .
.#.# ... ....
l#. .#.!. #..#


You could see a sky beast, an iguana and a wyvern zombie.

Vanquished Creatures
  A sky beast (D:5)
  A phantom (D:4)
  A scorpion (D:5)
  A bullfrog zombie (D:5)
  A centaur zombie (D:5)
  A hound (D:5)
  3 orc priests
  2 bullfrog skeletons
  An iguana (D:4)
  An orc wizard (D:4)
  A scorpion zombie (D:5)
  Natasha (D:2)
  A hound skeleton (D:4)
  3 gnolls (D:4)
  An adder (D:5)
  3 dart slugs (D:1)
  12 orcs
  7 ball pythons
  12 giant cockroaches
  10 goblins
  5 hobgoblins
  3 quokkas
  5 bats
  3 frilled lizards
  6 kobolds
  6 rats
92 creatures vanquished.

Vanquished Creatures (others)
  5 plants (D:3)
  4 toadstools (D:1)
9 creatures vanquished.

Grand Total: 101 creatures vanquished

Notes
Turn   | Place    | Note
-------+----------+-------------------------------------------
     0 | D:1      | avis the Octopode Transmuter began the quest for the Orb.
     0 | D:1      | Reached XP level 1. HP: 13/13 MP: 3/3
    49 | D:1      | Reached skill level 1 in Stealth
    84 | D:1      | Reached XP level 2. HP: 4/19 MP: 5/5
   854 | D:1      | Reached skill level 1 in Poison Magic
   883 | D:1      | Reached XP level 3. HP: 24/24 MP: 4/6
   902 | D:1      | Learned a level 3 spell: Spider Form
  1085 | D:1      | Learned a level 2 spell: Blink
  1448 | D:2      | Found a faded altar of an unknown god.
  1722 | D:2      | You fall into a shaft and drop 1 floor!
  1911 | D:3      | Reached skill level 1 in Translocations
  1919 | D:3      | Reached XP level 4. HP: 14/29 MP: 3/7
  2266 | D:2      | Noticed Natasha
  2276 | D:2      | Killed Natasha
  2545 | D:2      | Reached XP level 5. HP: 31/34 MP: 5/9
  2596 | D:2      | Found Zipsuph's Weapon Shop.
  2607 | D:2      | Identified the +6 scale mail of Death Resistance {Str-3
                  | Int+4}
  3409 | D:3      | Learned a level 4 spell: Ice Form
  3867 | D:4      | Reached skill level 4 in Unarmed Combat
  4007 | D:4      | Reached XP level 6. HP: 39/39 MP: 10/10
  4039 | D:4      | Reached skill level 5 in Unarmed Combat
  4923 | D:5      | Entered Level 5 of the Dungeon
  4995 | D:5      | Reached XP level 7. HP: 36/46 MP: 9/11
  5175 | D:5      | Found Kumik's General Store.
  6295 | D:6      | Slain by a wyvern zombie

Illustrated notes

Levels and vault maps discovered:
D:1:      ldierk_water_garden, layout_loops_ring, chequers_mini_garden,
          patterned_corridor
D:2:      layout_loops_ring, hellmonk_ecumenical_altar_crossroads, serial_shops,
          nicolae_shop_bloodbath_and_beyond, minmay_worlds_worst_comb,
          uniq_natasha
D:3:      cheibrodos_old_hovel, layout_loops_ring
D:4:      nicolae_cairo_tiling, layout_loops_ring
D:5:      layout_loops_ring, serial_shops, nicolae_shop_stone
D:6:      layout_rooms, minmay_temple_entry_mini_moons, kennysheep_windowed_goal

Skill      XL: |  1  2  3  4  5  6  7 |
---------------+----------------------+-----
Stealth        | 1 2 3 |  3.0
Fighting       | 2 3 |  3.0
Poison Magic   | 1 2 |  2.0
Translocations | 1 |  1.0
Spellcasting   | 3 4 |  4.0
Unarmed Combat | 4 5 |  5.3
Transmutations | 3 4 |  4.0
Dodging        | |  2.0

Action                   |  1- 3 |  4- 6 |  7- 9 || total
-------------------------+-------+-------+-------++-------
Melee: Unarmed           |    71 |   114 |    43 ||   228
       Constrict         |    15 |     5 |     2 ||    22
       Kick              |    18 |     4 |     9 ||    31
       Tentacles         |     5 |     5 |     3 ||    13
       Punch             |     1 |     1 |       ||     2
 Fire: Hunting sling     |       |    16 |       ||    16
 Cast: Beastly Appendage |    28 |     4 |     4 ||    36
       Spider Form       |     1 |    27 |     5 ||    33
 Stab: Sleeping          |     8 |     9 |     2 ||    19
Armor: Skin              |     3 |     5 |     2 ||    10
Dodge: Dodged            |    32 |    62 |    25 ||   119

Table legend: (Time is in decaauts)
 A = Elapsed time spent in this place.
 B = Non-inter-level travel time spent in this place.
 C = Inter-level travel time spent in this place.
 D = Time resting spent in this place.
 E = Time spent auto-exploring this place.
 F = Levels seen in this place.
 G = Mean time per level.
                   A        B        C        D        E       F      G
               +--------+--------+--------+--------+--------+-----+--------+
         Total |   6284 |   5904 |    380 |   2236 |   2400 |   6 | 1047.3 |
       Dungeon |   6284 |   5904 |    380 |   2236 |   2400 |   6 | 1047.3 |
               +--------+--------+--------+--------+--------+-----+--------+

Top non-repeatable levels by time:
     D:1: 1328 daAuts
     D:5: 1306 daAuts
     D:3: 1305 daAuts
     D:4: 1214 daAuts
     D:2: 1115 daAuts
     D:6: 13 daAuts
